 Dungeon Crawl Stone Soup version 0.30.1-3-gfc49f6343a (webtiles) character file.

Game seed: 16341931567311805285

2 croobank the Sneak (level 1, -4/16 HPs)
             Began as an Octopode Delver on July 18, 2023.
             Killed from afar by a white imp (8 damage)
             ... with a puff of frost
             ... on level 5 of the Dungeon.
             The game lasted 00:00:38 (105 turns).

croobank the Sneak (Octopode Delver)                 Turns: 105, Time: 00:00:39

Health: -4/16      AC:  1    Str: 11    XL:     1   Next: 30%
Magic:  1/1        EV: 13    Int: 12    God:
Gold:   18         SH:  0    Dex: 13    Spells: 0/0 levels left

rFire   . . .        a - +0 short sword
rCold   . . .        (no shield)
rNeg    . . .        (helmet restricted)
rPois   .            (no amulet)
rElec   .            (no ring)
rCorr   .            (no ring)
SInv    .            (no ring)
Will    .....        (no ring)
Stlth   ++++         (no ring)
HPRegen 0.22/turn    (no ring)
MPRegen 0.07/turn    (no ring)
                     (no ring)

%: no passive effects
@: no status effects
A: almost no armour, amphibious, 8 rings, camouflage 1, gelatinous body 1,
(nimble swimmer 1), tentacles
a: no special abilities


You were on level 5 of the Dungeon.
You visited 1 branch of the dungeon, and saw 2 of its levels.

You collected 18 gold pieces.

Inventory:

Hand Weapons
 a - a +0 short sword (weapon)
 c - a +1 falchion of freezing
Wands
 f - a wand of digging (3)
Scrolls
 b - a scroll of fog
 g - a scroll of silence {unknown}
Potions
 e - a potion of haste


   Skills:
 + Level 3.0 Fighting
 + Level 2.0 Short Blades
 + Level 2.0 Dodging
 + Level 6.6 Stealth


You couldn't memorise any spells.
You didn't know any spells.
Your spell library was empty.

Dungeon Overview and Level Annotations

Branches:
Dungeon (6/15)
 Temple: D:4-7

Altars:


Innate Abilities, Weirdness & Mutations

You cannot wear most types of armour.
You are amphibious.
You can wear up to eight rings at the same time.
Your skin changes colour to match your surroundings (Stealth+).
Your rubbery body absorbs attacks. (AC +1, EV +1)
((You are camouflaged when in or above water. (Stealth+)))
You have tentacles for arms and can constrict up to eight enemies at once.


Message History

The hornet buzzes angrily.
You hit the orc.
You kill the orc!
Okay, then.
As you read the scroll of fear, it crumbles to dust.
You assume a fearsome visage.
The hornet looks frightened!
There is a stone staircase leading up here.
You climb upwards.
There is a stone staircase leading down here.
As you read the scroll of magic mapping, it crumbles to dust.
You feel aware of your surroundings.
You sensed 1 shop/portal.
Found a runed falchion and 12 gold pieces.
Found a stone staircase leading up.
You see here a +1 falchion of freezing.
c - a +1 falchion of freezing You now have 18 gold pieces (gained 12).
There is a stone staircase leading up here.
Found 12 gold pieces.
A white imp comes into view.
The white imp shouts!
You hear a shout! x4
A gnoll comes into view. It is wielding a +0 club.
A gnoll comes into view. It is wielding a +0 halberd.
The white imp closely misses you.
You closely miss the white imp. You grab the white imp.
You constrict the white imp, but do no damage.
The white imp gestures at you. The puff of frost hits you.
You hit the white imp.
The white imp is moderately wounded.
You constrict the white imp. The white imp closely misses you.
You release your grip on the white imp.
The white imp attacks as you move away! The white imp misses you.
The white imp gestures at you. The puff of frost hits you!
Ouch! That really hurt!
* * * LOW HITPOINT WARNING * * *
The white imp gestures at you. The puff of frost hits you!
Ouch! That really hurt!
You die...

*,,,,,,,,$###.####.#,,*
*,,,,,,,,..........#,**
*,,,,,,,,####.##...#,*
*,,,,,,,,* *,*#g#.#,*
*,,,,,,,,* *,*#g#g#,*
**,,,,<,,* *,*#5#g#,*
*******,* *,*#.#..,*
*,* *,*#.###,* *,*
*,*#@# *,* *,*
*.##.###,* *.#
*.##<..#**
#.####.##.#.#
########.##...##...##
..............,#....#
........#*#..###.##.#
........# #.........#
........###..###.####


You could see 2 gnolls and a white imp.

Vanquished Creatures
  An orc (D:6)
1 creature vanquished.

Notes
Turn   | Place    | Note
-------+----------+-------------------------------------------
     0 | D:5      | croobank the Octopode Delver began the quest for the Orb.
     0 | D:5      | Reached XP level 1. HP: 16/16 MP: 1/1
    15 | D:5      | Noticed a black bear
    43 | D:6      | Noticed a hornet
   105 | D:5      | Killed from afar by a white imp

Illustrated notes

Levels and vault maps discovered:
D:5:      layout_basic, serial_shops, shop, kennysheep_generic_room_7,
          uniq_duvessa
D:6:      layout_basic, tso_oasis_becter, minmay_temple_entry_statues,
          chequers_serial_rivers_marsh

Action                     || total
---------------------------++-------
  Melee: Short sword       ||     6
         Constrict         ||     2
    Use: Scroll            ||     2
  Dodge: Dodged            ||     5
